 Dungeon Crawl Stone Soup version 0.30-a0-672-gc3a7216ad8 (webtiles) character file.

Game seed: 16160119189536950962

1127 Newt the Shield-Bearer (level 8, -1/71 HPs)
             Began as an Armataur Fighter on Jan 18, 2023.
             Was an Initiate of Hepliaklqana.
             Slain by Maggie
             ... wielding a +2 heavy scimitar
              (17 damage)
             ... on level 6 of the Dungeon.
             The game lasted 00:06:11 (6327 turns).

Newt the Shield-Bearer (Armataur Fighter)           Turns: 6327, Time: 00:06:11

Health: -1/71      AC: 13    Str: 24    XL:     8   Next: 13%
Magic:  0/8        EV: 12    Int:  9    God:    Hepliaklqana [......]
Gold:   281        SH:  5    Dex:  9    Spells: 7/7 levels left

rFire   . . .      SeeInvis .    a - +1 rapier
rCold   . . .      Faith    .    c - +0 buckler
rNeg    . . .      Spirit   .    b - +0 scale mail
rPois   .          Reflect  .    (no helmet)
rElec   .          Harm     .    (no cloak)
rCorr   .          Roll     +    s - +1 pair of gloves {infuse}
Will    .....                    (no barding)
Stlth   +                        (no amulet)
HPRegen 0.31/turn                j - +5 ring of evasion
MPRegen 0.11/turn                m - +4 ring of protection

@: mesmerised
A: large, rugged brown scales 3, deformed body, armoured tail, roll, long
tongue, awkward tongue
a: Renounce Religion


You were on level 6 of the Dungeon.
You worshipped Hepliaklqana.
Hepliaklqana was noncommittal.
You visited 2 branches of the dungeon, and saw 7 of its levels.

You collected 281 gold pieces.

Inventory:

Hand Weapons
 a - a +1 rapier (weapon)
Armour
 b - a +0 scale mail (worn)
 c - a +0 buckler (worn)
 s - a +1 pair of gloves of infusion (worn)
Jewellery
 j - a +5 ring of evasion (left hand)
 m - a +4 ring of protection (right hand)
 p - a ring of willpower
Wands
 o - a wand of digging (6)
Scrolls
 k - 3 scrolls of teleportation
 l - 2 scrolls of enchant armour
 r - 2 scrolls of identify
 t - a scroll of blinking
 v - a scroll of enchant weapon
Potions
 d - a potion of might
 e - 5 potions of curing
 f - 2 potions of brilliance
 g - a potion of degeneration
 h - a potion of lignification {unknown}
 i - a potion of ambrosia {unknown}
 n - 2 potions of mutation {unknown}
 q - 2 potions of heal wounds {unknown}
 u - 2 potions of flight {unknown}


   Skills:
 + Level 4.3 Fighting
 - Level 4.0 Short Blades
 - Level 6.0 Armour
 - Level 3.0 Stealth
 - Level 6.0 Shields
 - Level 4.0 Evocations


You had 7 spell levels left.
You didn't know any spells.
Your spell library contained the following spells:

 Spells                   Type           Power      Damage    Failure   Level
 Freeze                   Ice            0%         1d3       73%         1
 Sandblast                Erth           0%         2d4       73%         1
 Passwall                 Tmut/Erth      0%         N/A       86%         2
 Frozen Ramparts          Ice            0%         1d1       97%         3
 Gell's Gravitas          Tloc           0%         N/A       97%         3
 Hailstorm                Conj/Ice       0%         3d3       97%         3
 Stone Arrow              Conj/Erth      0%         3d7       97%         3
 Teleport Other           Tloc           0%         N/A       97%         3
 Tukima's Dance           Hex            0%         N/A       97%         3
 Passage of Golubria      Tloc           0%         N/A       100%        4
 Yara's Violent Unravell  Hex/Tmut       0%         3d3       100%        5
 Dispersal                Tloc           0%         N/A       100%        6


Dungeon Overview and Level Annotations

Branches:
Dungeon (6/15)             Temple (1/1) D:4

Altars:
Ashenzari
Cheibriados
Dithmenos
Elyvilon
Fedhas
Gozag
Hepliaklqana
Kikubaaqudgha
Nemelex Xobeh
Okawaru
Qazlal
Ru
Sif Muna
Trog
Uskayaw
Wu Jian
Yredelemnul
Zin

Annotations:
D:4 3 runed translucent doors, bmack86's ghost, amateur MiFi
D:6 Maggie


Innate Abilities, Weirdness & Mutations

You are completely covered in rugged brown scales. (AC +3, +7% HP)
Armour fits poorly on your strangely shaped body.
You have a long armoured tail.
You roll when moving toward enemies. (Rampage)
Your long tongue fully drains potion bottles. (2x potion effects)
Your tongue gives you trouble enunciating. (1.5x scroll delay)


Message History

Okay, then.
You hit Maggie but do no damage.
Your tail-slap misses Maggie.
Maggie is severely wounded.
Maggie barely misses you.
You barely miss Maggie.
Maggie is severely wounded.
You closely miss Maggie.
Your tail-slap misses Maggie.
Maggie is severely wounded.
Maggie gestures wildly while chanting.
Maggie draws you further into her thrall.
You hit Maggie. You tail-slap Maggie, but do no damage.
Maggie is severely wounded.
Maggie casts a spell at you. The bolt of fire hits you!
You hit Maggie but do no damage.
Maggie is severely wounded.
Maggie barely misses you.
You barely miss Maggie.
Maggie is severely wounded.
Maggie mumbles some strange words.
Maggie draws you further into her thrall.
You hit Maggie.
Maggie is severely wounded.
Maggie gestures at you while chanting. The bolt of fire misses you.
You hit Maggie. You tail-slap Maggie, but do no damage.
Maggie is almost dead.
Maggie hits you with a +2 heavy scimitar!
You hit Maggie but do no damage.
Maggie is severely wounded.
You hit Maggie.
Maggie is almost dead.
Maggie points at you and mumbles some strange words.
The bolt of fire hits you!!
* * * LOW HITPOINT WARNING * * *
The orc shouts!
You slurp down every last drop of the 6 potions of curing!
You feel better.
Maggie hits you with a +2 heavy scimitar!
You die...

#........'.........†.
#[###.#...####.........##
#..........# ##.......##
##.##.####.# ##.....##
#.## .# ##...## #..# .#
##+## ##.# .#####
#.###.###.....o
#......@@..# #####.####.#
#.# ... ##.# ###


You could see Maggie (mesmerising) and an orc.

Vanquished Creatures
  2 sky beasts (D:6)
  An ogre (D:4)
  A necrophage (D:5)
  3 scorpions
  An orc priest (D:5)
  A gnoll bouda (D:5)
  A hound (D:6)
  A jelly (D:4)
  6 orc wizards
  4 iguanas (D:5)
  8 gnolls (D:5)
  8 adders
  A worm (D:2)
  5 dart slugs
  11 orcs
  6 ball pythons
  7 endoplasms
  5 giant cockroaches
  3 goblins
  2 hobgoblins
  2 quokkas (D:4)
  4 bats
  2 frilled lizards
  7 kobolds
  5 rats
97 creatures vanquished.

Vanquished Creatures (others)
  An orc wizard (D:3)
1 creature vanquished.

Grand Total: 98 creatures vanquished

Notes
Turn   | Place    | Note
-------+----------+-------------------------------------------
     0 | D:1      | Newt the Armataur Fighter began the quest for the Orb.
     0 | D:1      | Reached XP level 1. HP: 19/19 MP: 1/1
    27 | D:1      | Reached skill level 1 in Stealth
    95 | D:1      | Reached XP level 2. HP: 19/26 MP: 2/2
  1016 | D:2      | Reached XP level 3. HP: 29/32 MP: 3/3
  1670 | D:3      | Reached XP level 4. HP: 30/42 MP: 4/4
  2165 | D:3      | Reached XP level 5. HP: 49/49 MP: 5/5
  2488 | D:3      | Found a glowing silver altar of Zin.
  2490 | D:3      | Found a blossoming altar of Fedhas.
  2642 | D:4      | Found a sparkling altar of Nemelex Xobeh.
  2664 | D:4      | Found a runed translucent gate.
  2664 | D:4      | Noticed bmack86's ghost (amateur MiFi)
  2684 | D:4      | Found a staircase to the Ecumenical Temple.
  2702 | D:4      | Found an iron altar of Okawaru.
  3061 | Temple   | Entered the Ecumenical Temple
  3254 | Temple   | Became a worshipper of Hepliaklqana the Forgotten
  3386 | D:4      | Found a runed translucent gate.
  3387 | D:4      | Found a runed translucent gate.
  3389 | D:4      | Identified the +3 sling "Waimnig" {freeze, *Corrode Dex+2
                  | Stlth+}
  3526 | D:4      | Noticed an ogre
  3533 | D:4      | Killed an ogre
  3534 | D:4      | Reached XP level 6. HP: 55/55 MP: 0/6
  4275 | D:5      | Entered Level 5 of the Dungeon
  4352 | D:5      | Found a white marble altar of Elyvilon.
  4658 | D:5      | Reached skill level 5 in Shields
  5106 | D:5      | Reached XP level 7. HP: 63/63 MP: 1/7
  5399 | D:5      | Reached skill level 5 in Armour
  5739 | D:5      | Reached skill level 1 in Evocations
  6174 | D:6      | Reached XP level 8. HP: 61/70 MP: 3/8
  6291 | D:6      | Noticed Maggie
  6326 | D:6      | HP: 3/71 [Maggie/bolt of fire (24)]
  6327 | D:6      | Slain by Maggie

Illustrated notes

Levels and vault maps discovered:
D:1:      giann_horns, layout_basic, serial_aquarium, aquarium_bridge_square
          [aquarium_subvault_window, aquarium_subvault_wall,
          aquarium_subvault_bridge, aquarium_subvault_balcony],
          aquarium_bridge_square [aquarium_subvault_wall,
          aquarium_subvault_wall, aquarium_subvault_window,
          aquarium_subvault_bridge], aquarium_window_fake, aquarium_window_1,
          aquarium_window_2, aquarium_window_corner, aquarium_view_2f,
          aquarium_balcony_double_4, aquarium_pool_side
D:2:      layout_basic, serial_forest, infiniplex_forest_straight_4,
          infiniplex_forest_lined_3, infiniplex_forest_straight_2,
          infiniplex_forest_straight_2, infiniplex_forest_straight_2
D:3:      layout_basic, nicolae_overflow_hidden_temple
D:4:      layout_layer_cave, lemuel_tele_altar, mainiacjoe_overflow_boulevard,
          minmay_temple_entry_trees, biasface_ghost_orc_armoury,
          grunt_decor_clamped
D:5:      layout_loops_ring, mainiacjoe_overflow_paths
D:6:      layout_loops_corners, makhleb_grotto_becter, uniq_maggie
Temple:   hellmonk_temple_forest_ring

Skill      XL: |  1  2  3  4  5  6  7  8 |
---------------+-------------------------+-----
Stealth        | 2 3 |  3.0
Fighting       | 3 4 |  4.3
Short Blades   | 2 4 |  4.0
Armour         | 4 6 |  6.0
Shields        | 5 6 |  6.0
Evocations     | 3 4 |  4.0

Action                   |  1- 3 |  4- 6 |  7- 9 || total
-------------------------+-------+-------+-------++-------
Melee: Rapier            |   132 |   219 |   171 ||   522
       Tailslap          |    14 |    30 |    29 ||    73
  Use: Scroll            |     4 |       |     3 ||     7
       Potion            |       |     1 |     1 ||     2
Armor: Scale mail        |    49 |   129 |    61 ||   239
Dodge: Dodged            |    60 |   119 |    64 ||   243
Block: Buckler           |    17 |    45 |    30 ||    92

Table legend: (Time is in decaauts)
 A = Elapsed time spent in this place.
 B = Non-inter-level travel time spent in this place.
 C = Inter-level travel time spent in this place.
 D = Time resting spent in this place.
 E = Time spent auto-exploring this place.
 F = Levels seen in this place.
 G = Mean time per level.
                   A        B        C        D        E       F      G
               +--------+--------+--------+--------+--------+-----+--------+
         Total |   6368 |   6090 |    278 |    859 |   4349 |   7 |  909.7 |
       Dungeon |   6157 |   5938 |    219 |    859 |   4210 |   6 | 1026.2 |
        Temple |    211 |    153 |     58 |      0 |    139 |   1 |  211.0 |
               +--------+--------+--------+--------+--------+-----+--------+

Top non-repeatable levels by time:
     D:4: 1743 daAuts
     D:5: 1465 daAuts
     D:3: 995 daAuts
     D:1: 820 daAuts
     D:2: 782 daAuts
     D:6: 349 daAuts
  Temple: 211 daAuts
